 Dungeon Crawl Stone Soup version 0.15.0-16-gce31824 (webtiles) character file.

21840 Leibowitz the Nimble (level 12, 0/95 HPs)
             Began as a Grey Draconian Skald on Sept 5, 2014.
             Was the Champion of Qazlal.
             Killed by divine providence
             ... invoked by an orc high priest
              (12 damage)
             ... on Level 4 of the Orcish Mines.
             The game lasted 02:17:10 (16702 turns).

Leibowitz the Nimble (Grey Draconian Skald)        Turns: 16702, Time: 02:17:10

HP   0/95        AC 22     Str 18      XL: 12   Next: 57%
MP  22/29        EV 16     Int 24      God: Qazlal [******]
Gold 1660        SH 20     Dex 14      Spells: 11 memorised,  4 levels left

rFire  + . .     SeeInvis .     a - +1 short sword of Karma {elec, Dex+1 Int+3}
rCold  . . .     Clarity  .     (armour unavailable)
rNeg   . . .     rCorr    .     f - +1 shield {AC+3}
rPois  .         rRot     .     X - +1 hat {Int+3}
rElec  .         Spirit   .     w - +0 cloak (curse)
SustAb .         Warding  .     F - +0 pair of gloves
rMut   +         Stasis   .     q - +2 pair of boots
Gourm  .                        p - amulet of resist mutation
MR     .....                    y - +4 ring of strength
                                v - +2 ring of dexterity

@: repel missiles, not resistant to hostile enchantments, very unstealthy
A: walk through water, unfitting armour, stinger 1, camouflage 1, fire
resistance 1, unbreathing, cold-blooded, AC +13
a: Upheaval, Elemental Force, Disaster Area, Renounce Religion


You were on level 4 of the Orcish Mines.
You worshipped Qazlal.
Qazlal was exalted by your worship.
You were not hungry.

You visited 4 branches of the dungeon, and saw 19 of its levels.
You also visited: Sewer.

You collected 1660 gold pieces.

Inventory:

Hand weapons
 a - the +1 short sword of Karma (weapon) {elec, Dex+1 Int+3}
   (You found it on level 4 of the Dungeon)

   Occasionally, upon striking a foe, it will discharge some electrical energy
   and cause terrible harm.
   It affects your intelligence (+3).
   It affects your dexterity (+1).
 b - a +0 blowgun
 C - a +4 scimitar of flaming
Missiles
 c - 14 curare-tipped needles
Armour
 f - a +1 shield of protection (worn)
 q - a +2 pair of boots (worn)
 w - a cursed +0 cloak (worn)
 F - a +0 pair of gloves (worn)
 V - a +1 hat of see invisible
 X - a +1 hat of intelligence (worn)
Magical devices
 h - a wand of draining (0)
 n - a wand of digging (14)
 K - a wand of invisibility (3)
 Y - a wand of paralysis (7)
Comestibles
 d - 15 bread rations
 i - 7 meat rations
 o - 6 royal jellies
 H - 13 fruits
Scrolls
 j - 3 scrolls of teleportation
 k - 7 scrolls of identify
 r - 2 scrolls of magic mapping
 t - 2 scrolls of enchant weapon
 x - 3 scrolls of remove curse
 z - 3 scrolls of enchant armour
 B - a scroll of holy word
 D - a scroll of fog
Jewellery
 g - an uncursed ring of positive energy
 m - an uncursed ring of protection from fire
 p - an amulet of resist mutation (around neck)
 v - a +2 ring of dexterity (left hand)
 y - a +4 ring of strength (right hand)
 J - a +2 ring of strength
 L - an uncursed ring of protection from fire
Potions
 e - 14 potions of curing
 l - 5 potions of brilliance
 s - 2 potions of restore abilities
 u - a potion of might
 A - a potion of haste
 E - 2 potions of heal wounds
 G - 2 potions of flight
Books
 I - a book of the Dragon

   Spells                             Type                      Level
   Flight                             Charms/Air                   3
   Cause Fear                         Hexes                        4
   Bolt of Fire                       Conjuration/Fire             6
   Dragon Form                        Transmutation                7
   Dragon's Call                      Summoning                    9


   Skills:
 + Level 5.7 Fighting
 + Level 5.8 Short Blades
   Level 3.1 Maces & Flails
 + Level 1.4 Throwing
 + Level 9.7 Dodging
 + Level 3.9 Stealth
 + Level 9.1 Shields
 * Level 8.9 Spellcasting
 + Level 1.7 Conjurations
 + Level 5.0 Hexes
 + Level 6.2 Charms
 + Level 1.6 Necromancy
 + Level 0.6 Fire Magic
 + Level 1.4 Air Magic
 + Level 1.5 Poison Magic
 + Level 1.6 Invocations
 + Level 0.9 Evocations


You had 4 spell levels left.
You knew the following spells:

 Your Spells              Type           Power        Failure   Level  Hunger
a - Infusion              Chrm           #####.       1%          1    None
b - Song of Slaying       Chrm           #####...     1%          2    None
c - Spectral Weapon       Hex/Chrm       #####...     2%          3    None
d - Shroud of Golubria    Chrm/Tloc      ####......   4%          2    None
e - Regeneration          Chrm/Necr      ####......   6%          3    None
f - Corona                Hex            ####...      1%          1    None
g - Magic Dart            Conj           ###.         6%          1    None
h - Blink                 Tloc           N/A          14%         2    None
i - Mephitic Cloud        Conj/Pois/Air  ###.....     14%         3    None
j - Vampiric Draining     Necr           ###.......   14%         3    None
k - Conjure Flame         Conj/Fire      ###.....     17%         3    None


Dungeon Overview and Level Annotations

Branches:
Dungeon (11/15)            Temple (1/1) D:5             Orc (4/4) D:11
    Elf (0/3) Orc:4          Lair (3/8) D:10
  Swamp: Lair:3-6    Shoals: Lair:3-6     Snake: Lair:3-6    Spider: Lair:3-6

Altars:
Ashenzari
Cheibriados
Dithmenos
Elyvilon
Fedhas
Kikubaaqudgha
Makhleb
Nemelex Xobeh
Okawaru
Qazlal
Sif Muna
Trog
Vehumet
Xom
Yredelemnul
Zin
The Shining One

Shops:
D:8 *   D:9 =   D:10 %   Orc:4 [

Portals:
Trove: D:11 (give wand of heal wounds (9))

Annotations:
Lair:3 Rupert


Innate Abilities, Weirdness & Mutations

You can walk through water.
Your dull iron-grey scales are very hard (AC +13).
Your body does not fit into most forms of armour.
You can survive without breathing.
Your cold-blooded metabolism reacts poorly to cold.
Your tail ends in a poisonous barb.
Your skin changes colour to match your surroundings (Stealth).
Your flesh is heat resistant.


Message History

You resist.
The orc high priest hits you but does no damage.
The ogre barely misses you.
The goblin is engulfed in freezing vapours.
You kill the goblin!
Qazlal accepts your kill.
The orc knight is engulfed in freezing vapours.
You block the orc knight's attack.
Unknown command.
You completely miss the orc high priest.
The ice devil hits you! The ice devil freezes you!!
* * * LOW HITPOINT WARNING * * *
The smoke demon gestures at you. Something smites you!
* * * LOW HITPOINT WARNING * * *
You block the hellwing's attack.
The hellwing hits you but does no damage.
The orc high priest calls down the wrath of Beogh upon you.
Something smites you!
You die...

..# ....## .P....#
.......# ∩.8.....##
.....P.§.###
....Poog§..##
....o.§34O§..##
......Poo@3....##
$.....####3§.....##
......#####§§.....#
........###......##
........§.#......##
#.....§.......##
##.#.........##
#........##
##......##


You could see an orc knight, an ice devil, an orc high priest, a hellwing, 2
smoke demons, an orc sorcerer, 2 orc warriors, an ogre and a hobgoblin.

Vanquished Creatures
  The ghost of sinov the Archer, a powerful CeHu of Okawaru (D:8)
  2 hydras (Lair:1)
  Erica (Lair:1)
  The ghost of katrin the Protected, an experienced MiFi (D:10)
  Erolcha (D:9)
  An orc knight (Orc:2)
  2 orc sorcerers (Orc:1)
  A manticore (D:11)
  An ugly thing (D:11)
  Maurice (Orc:3)
  A black mamba (Lair:2)
  A queen bee (Orc:1)
  2 trolls
  Sonja (D:11)
  A two-headed ogre (D:8)
  2 basilisks
  A spriggan (D:7)
  A wyvern (D:8)
  3 hippogriffs
  3 deep elf magi
  A wraith (D:10)
  16 yaks
  A hungry ghost (D:7)
  3 wargs
  A hill giant skeleton (D:11)
  6 wolves
  A necrophage (D:11)
  2 water moccasins (Lair:2)
  An ice beast (D:9)
  3 porcupines (Lair:1)
  A sky beast (D:8)
  10 orc warriors
  A yellow wasp (D:11)
  7 ogres
  A swamp drake (D:9)
  4 black bears
  3 boggarts (D:11)
  4 centaurs
  3 crocodiles
  10 giant frogs
  2 big kobolds
  23 spectral weapons
  A scorpion (D:5)
  26 killer bees
  4 electric eels
  4 wights (D:10)
  2 jellies
  21 hounds
  7 crimson imps
  A giant frog zombie (D:9)
  An iron imp (D:9)
  2 orange rats (Lair:1)
  6 worker ants
  7 orc priests
  19 orc wizards
  5 iguanas
  A killer bee zombie (D:8)
  A mummy (D:8)
  18 adders
  35 green rats
  2 shadow imps (D:5)
  5 gnolls
  4 giant mites
  An inept item mimic (D:3)
  A white imp (D:9)
  3 worms
  3 orc skeletons
  An iguana skeleton (D:4)
  2 oozes
  113 orcs
  6 ball pythons
  23 bats
  11 giant cockroaches
  31 hobgoblins
  24 jackals
  4 quokkas
  8 giant geckos
  8 giant newts
  A gnoll skeleton (D:6)
  24 goblins
  2 hobgoblin skeletons
  42 kobolds
  A kobold skeleton (D:4)
  A kobold zombie (D:8)
  An orc zombie (Orc:1)
  19 rats
  A rat skeleton (D:4)
  A rat zombie (D:6)
  2 butterflies (D:7)
  14 fungi
  11 plants
663 creatures vanquished.

Vanquished Creatures (collateral kills)
  A crocodile (Lair:1)
  A killer bee (Orc:1)
  A troll skeleton (D:11)
  An adder (Lair:1)
4 creatures vanquished.

Vanquished Creatures (others)
  A deep elf mage (D:9)
  2 hippogriffs
  A killer bee (Orc:1)
  5 spectral weapons
  An orc wizard (D:9)
  A shadow imp (D:9)
  A hobgoblin (D:11)
  2 fungi
  A plant (Lair:2)
15 creatures vanquished.

Grand Total: 682 creatures vanquished

Notes
Turn   | Place    | Note
--------------------------------------------------------------
     0 | D:1      | Leibowitz, the Draconian Skald, began the quest for the Orb.
     0 | D:1      | Reached XP level 1. HP: 17/17 MP: 3/3
   115 | D:1      | Reached XP level 2. HP: 19/24 MP: 0/4
   149 | D:1      | Reached skill level 3 in Charms
   568 | D:1      | Gained mutation: Your flesh is heat resistant. [potion of mutation]
   568 | D:1      | Gained mutation: Your skin changes colour to match your surroundings (Stealth). [potion of mutation]
   568 | D:1      | Gained mutation: Your tail ends in a poisonous barb. [potion of mutation]
   593 | D:1      | Reached XP level 3. HP: 22/30 MP: 6/6
   786 | D:1      | Learned a level 2 spell: Song of Slaying
   790 | D:1      | Learned a level 3 spell: Spectral Weapon
   911 | D:2      | Found a burning altar of Makhleb.
  1194 | D:2      | Reached XP level 4. HP: 29/37 MP: 1/8
  1273 | D:2      | Found a glowing golden altar of the Shining One.
  1825 | D:3      | Found a snail-covered altar of Cheibriados.
  1937 | D:3      | Reached XP level 5. HP: 34/44 MP: 6/9
  2246 | D:3      | Found a white marble altar of Elyvilon.
  2855 | D:4      | Reached skill level 1 in Stealth
  2925 | D:4      | Reached XP level 6. HP: 51/51 MP: 9/12
  3408 | D:4      | Got a steaming short sword
  3409 | D:4      | Identified the cursed +1 short sword of Karma {elec, Dex+1 Int+3} (You found it on level 4 of the Dungeon)
  3457 | D:4      | Noticed an ogre
  3466 | D:4      | Killed an ogre
  3466 | D:4      | Reached skill level 1 in Throwing
  3746 | D:4      | Learned a level 2 spell: Shroud of Golubria
  3750 | D:4      | Learned a level 3 spell: Regeneration
  3767 | D:4      | Your scales start taking on a dull iron-grey colour.
  3767 | D:4      | Gained mutation: You can survive without breathing. [draconian maturity]
  3767 | D:4      | Reached XP level 7. HP: 38/57 MP: 9/14
  3855 | D:5      | Entered Level 5 of the Dungeon
  3870 | D:5      | Reached skill level 4 in Dodging
  4007 | D:5      | Reached skill level 1 in Short Blades
  4072 | D:5      | Found a deep blue altar of Sif Muna.
  4175 | D:5      | Found a shattered altar of Ashenzari.
  4196 | D:5      | Reached skill level 5 in Dodging
  4513 | D:5      | Found a staircase to the Ecumenical Temple.
  4519 | Temple   | Entered the Ecumenical Temple
  4812 | Temple   | Became a worshipper of Qazlal Stormbringer
  5028 | D:5      | Reached skill level 1 in Hexes
  5401 | D:6      | Found a shattered altar of Ashenzari.
  5412 | D:6      | Reached XP level 8. HP: 58/66 MP: 17/17
  5448 | D:6      | Identified a scroll of acquirement
  5465 | D:6      | Found a glowing drain.
  5468 | D:6      | Acquired Qazlal's first power
  5499 | Sewer    | Entered a sewer
  6071 | Sewer    | Reached skill level 1 in Shields
  6161 | D:6      | Acquired Qazlal's second power
  6817 | D:6      | Noticed an angel
  6818 | D:6      | Found a glowing silver altar of Zin.
  6867 | D:6      | Reached skill level 6 in Dodging
  7352 | D:7      | Acquired Qazlal's third power
  7361 | D:7      | Reached XP level 9. HP: 71/71 MP: 17/20
  7937 | D:7      | Found an iron altar of Okawaru.
  8275 | D:8      | Reached skill level 5 in Charms
  8309 | D:8      | Noticed sinov's ghost (powerful CeHu)
  8325 | D:8      | Killed sinov's ghost
  8325 | D:8      | Reached skill level 5 in Shields
  8432 | D:8      | Found a basalt altar of Yredelemnul.
  8541 | D:8      | Reached skill level 5 in Spellcasting
  8574 | D:8      | Found Ifumiud's General Store.
  8932 | D:8      | Reached XP level 10. HP: 78/80 MP: 17/22
  8961 | D:8      | Acquired Qazlal's fourth power
  9295 | D:9      | Learned a level 1 spell: Corona
  9426 | D:9      | Reached skill level 7 in Dodging
  9483 | D:9      | Upgraded the game from 0.15.0-14-g6bbbb5c to 0.15.0-16-gce31824
  9684 | D:9      | Learned a level 1 spell: Magic Dart
  9765 | D:9      | Learned a level 2 spell: Blink
  9769 | D:9      | Learned a level 3 spell: Mephitic Cloud
 10096 | D:9      | Noticed Erolcha
 10103 | D:9      | Killed Erolcha
 10535 | D:9      | Found Kalong's Jewellery Emporium.
 10692 | D:10     | Entered Level 10 of the Dungeon
 10717 | D:10     | Noticed katrin's ghost (experienced MiFi)
 10731 | D:10     | Killed katrin's ghost
 10731 | D:10     | Reached skill level 5 in Short Blades
 10814 | D:10     | Found Nitry's Food Boutique.
 10835 | D:10     | Reached skill level 1 in Air Magic
 10842 | D:10     | Reached XP level 11. HP: 85/85 MP: 25/25
 11058 | D:10     | Found a staircase to the Lair.
 11435 | Lair:1   | Entered Level 1 of the Lair of Beasts
 11447 | Lair:1   | Acquired Qazlal's fifth power
 11467 | Lair:1   | Learned a level 3 spell: Vampiric Draining
 11482 | Lair:1   | Learned a level 3 spell: Conjure Flame
 11561 | Lair:1   | Noticed an eight-headed hydra
 11572 | Lair:1   | Killed an eight-headed hydra
 11572 | Lair:1   | Reached skill level 1 in Necromancy
 11572 | Lair:1   | Reached skill level 1 in Invocations
 11770 | Lair:1   | Noticed a four-headed hydra
 12100 | Lair:1   | Reached skill level 8 in Dodging
 12144 | Lair:1   | Reached skill level 5 in Fighting
 12160 | Lair:1   | Noticed Erica
 12174 | Lair:1   | Killed Erica
 12224 | Lair:1   | Killed a hydra
 12587 | Lair:1   | Reached skill level 1 in Conjurations
 13612 | Lair:3   | Noticed Rupert
 13926 | D:11     | Noticed Sonja
 13955 | D:11     | Reached skill level 9 in Dodging
 13967 | D:11     | Reached XP level 12. HP: 83/94 MP: 16/28
 14294 | D:11     | Found a staircase to the Orcish Mines.
 14418 | D:11     | Found a portal to a secret trove of treasure.
 14651 | D:11     | Killed Sonja
 14969 | D:11     | Reached skill level 1 in Poison Magic
 15055 | Orc:1    | Entered Level 1 of the Orcish Mines
 15837 | Orc:2    | Found a burning altar of Makhleb.
 16118 | Orc:1    | Reached skill level 5 in Hexes
 16345 | Orc:3    | Noticed Maurice
 16354 | Orc:3    | Killed Maurice
 16686 | Orc:4    | Entered Level 4 of the Orcish Mines
 16689 | Orc:4    | Found a staircase to the Elven Halls.
 16699 | Orc:4    | Found Nazxamma's Antique Armour Shoppe.
 16702 | Orc:4    | Killed from afar by an orc high priest

Action                   |  1- 3 |  4- 6 |  7- 9 | 10-12 || total
-------------------------+-------+-------+-------+-------++-------
Melee: Mace              |   137 |   232 |       |       ||   369
       Short sword       |       |    37 |   501 |   836 ||  1374
       Scimitar          |       |       |       |     3 ||     3
 Fire: Blowgun           |       |    15 |       |    11 ||    26
Throw: Throwing net      |       |       |       |     2 ||     2
 Cast: Infusion          |    11 |    20 |    13 |     5 ||    49
       Spectral Weapon   |     1 |     7 |    12 |    40 ||    60
       Song of Slaying   |     1 |     4 |     1 |     2 ||     8
       Regeneration      |       |       |     1 |     3 ||     4
       Shroud of Golubri |       |       |     1 |       ||     1
       Corona            |       |       |       |     4 ||     4
       Mephitic Cloud    |       |       |       |    29 ||    29
       Vampiric Draining |       |       |       |    10 ||    10
       Magic Dart        |       |       |       |     5 ||     5
       Conjure Flame     |       |       |       |     4 ||     4
Invok: Upheaval          |       |       |     1 |       ||     1
       Elemental Force   |       |       |     1 |     3 ||     4
       Disaster Area     |       |       |       |     1 ||     1
Evoke: Wand              |       |     1 |     3 |    11 ||    15
  Use: Potion            |     4 |     1 |       |    10 ||    15
       Scroll            |     2 |     4 |    11 |     4 ||    21
 Stab: Sleeping          |       |     2 |     3 |       ||     5
       Distracted        |       |       |       |     4 ||     4
       Confused          |       |       |       |    11 ||    11
  Eat: Chunk             |     1 |    11 |    16 |     8 ||    36
       Pizza             |       |       |     1 |     4 ||     5
       Fruit             |       |       |     1 |       ||     1
       Beef jerky        |       |       |       |     5 ||     5
       Royal jelly       |       |       |       |     1 ||     1
       Bread ration      |       |       |       |     1 ||     1
